 Dungeon Crawl Stone Soup version 0.17.1-3-g152610e (webtiles) character file.

900 Mechanique the Magician (level 7, -3/46 HPs)
             Began as a Mummy Wizard on Mar 18, 2016.
             Was an Initiate of Vehumet.
             Killed by divine providence
             ... invoked by an orc priest
              (17 damage)
             ... on level 5 of the Dungeon on Mar 22, 2016.
             The game lasted 00:35:27 (9218 turns).

Mechanique the Magician (Mummy Wizard)              Turns: 9218, Time: 00:35:27

Health: -3/46      AC:  9    Str: 13    XL:     7   Next: 79%
Magic:  15/16      EV: 14    Int: 19    God:    Vehumet [......]
Gold:   273        SH:  0    Dex: 16    Spells: 6 memorised, 6 levels left

rFire  x . .     SeeInvis +     h - +2 short sword (protect)
rCold  + . .     Clarity  .     a - +0 robe
rNeg   + + +     SustAt   .     (no shield)
rPois  ∞         Gourm    .     b - +0 hat
rElec  +         Spirit   .     (no cloak)
rCorr  .         Warding  .     q - +0 pair of gloves
rMut   .         Stasis   .     v - +0 pair of boots
MR     .....                    x - amulet "Ypryfijoxe" {Faith rElec Dex+6}
Stlth  ++........               y - +2 ring of evasion
                                z - ring "Buosun" {Str+2 SInv}

@: not resistant to hostile enchantments, unstealthy
A: no food or potions, fire vulnerability, cold resistance 1, negative energy
resistance 3, torment resistance, unbreathing
a: Renounce Religion


You were on level 5 of the Dungeon.
You worshipped Vehumet.
Vehumet was noncommittal.
You were not hungry.

You visited 2 branches of the dungeon, and saw 7 of its levels.

You collected 273 gold pieces.

Inventory:

Hand Weapons
 h - a +2 short sword of protection (weapon)
Missiles
 n - 2 throwing nets (quivered)
Armour
 a - a +0 robe (worn)
 b - a +0 hat (worn)
 f - a +0 shield
 q - a +0 pair of gloves (worn)
 v - a +0 pair of boots (worn)
Jewellery
 m - an uncursed amulet of warding
 p - an uncursed amulet of the gourmand
 s - an uncursed amulet of regeneration
 x - the amulet "Ypryfijoxe" (around neck) {Faith rElec Dex+6}
   (You found it on level 5 of the Dungeon)

   [amulet of faith]

   It allows you to gain divine favour quickly.
   It affects your dexterity (+6).
   It insulates you from electricity.
 y - a +2 ring of evasion (right hand)
 z - the ring "Buosun" (left hand) {Str+2 SInv}
   (You found it on level 5 of the Dungeon)

   [ring of see invisible]

   It affects your strength (+2).
   It lets you see invisible.
Wands
 d - a wand of teleportation (5)
Scrolls
 e - 2 scrolls of remove curse {unknown}
 g - 4 scrolls of blinking {unknown}
 i - 2 scrolls of noise {unknown}
 j - a scroll of identify {unknown}
 k - 2 scrolls of random uselessness {unknown}
 l - 2 scrolls of fear {unknown}
 o - 2 scrolls of immolation {unknown}
 r - a scroll of magic mapping {unknown}
 t - a scroll of enchant weapon {unknown}
 u - a scroll of teleportation {unknown}
 w - a scroll of recharging {unknown}
 A - a scroll of fog {unknown}
Books
 c - a book of Minor Magic

   Spells                             Type                      Level
   a - Magic Dart                     Conjuration                  1
   b - Blink                          Translocation                2
   c - Call Imp                       Summoning                    2
   d - Repel Missiles                 Charms/Air                   2
   e - Slow                           Hexes                        2
   f - Conjure Flame                  Conjuration/Fire             3
   g - Mephitic Cloud                 Conjuration/Poison/Air       3


   Skills:
 - Level 1.5 Dodging
 - Level 1.5 Stealth
 - Level 2.3 Shields
 + Level 6.0 Spellcasting
 + Level 4.9 Conjurations
 - Level 0.7 Summonings
 - Level 0.7 Translocations


You had 6 spell levels left.
You knew the following spells:

 Your Spells              Type           Power        Failure   Level  Hunger
a - Magic Dart            Conj           ###.         1%          1    N/A
b - Blink                 Tloc           N/A          14%         2    N/A
c - Slow                  Hex            #.......     17%         2    N/A
d - Call Imp              Summ           #.......     14%         2    N/A
e - Mephitic Cloud        Conj/Pois/Air  ##......     17%         3    N/A
f - Repel Missiles        Chrm/Air       #.....       17%         2    N/A

Dungeon Overview and Level Annotations

Branches:
Dungeon (6/15)             Temple (1/1) D:5

Altars:
Ashenzari
Fedhas
Gozag
Okawaru
Qazlal
Ru
Vehumet
Xom
Yredelemnul
Zin
The Shining One


Innate Abilities, Weirdness & Mutations

You do not eat or drink.
Your flesh is vulnerable to fire.
You are immune to poison.
Your flesh is cold resistant.
You are immune to negative energy.
You are immune to unholy pain and torment.
You can survive without breathing.


Message History

The orc warrior shouts!
The orc shouts!
The orc shouts!
You hear a shout!
You hear a shout!
The orc shouts!
You hear a shout!
The adder barely misses you. The adder bites you.
You hear a shout!
An orc priest comes into view. It is wielding a club.
There is a stone staircase leading up here.
The orc warrior hits you with a long sword!
The orc priest hits you but does no damage.
The adder bites you.
You climb upwards.
There is a stone staircase leading down here.
Cast which spell? (? or * to list)
You blink.
The orc warrior hits you with a long sword!!
The adder barely misses you. x2
The adder bites you.
* * * LOW HITPOINT WARNING * * *
The orc priest invokes the aid of Beogh against you.
Something smites you!
You die...

#..###.........#.....#.....#.#
..####..⌠...⌠..#.............#
####.........................#
# #.#.........#.............#
####.##.##.##.##.((..........#
#....##.#...#.....<).........#
..#####...####.(.............#
.## #..### ##(.(..........##
## ###.## #.@..(.......## #
##...# #S#####.####.# ###..###
###.# #..# #.# ##..## #.o.#
##.# #.# #..## #####o### #.#
#.# ..## #.....#### #.###.#
...# #.##.....### #.##..#
.#.######.##.......# #.##.##
.......##.##.....#.###.##.#


You could see an orc warrior, an orc priest and an adder.

Vanquished Creatures
  An ice beast (D:5)
  A sky beast (D:5)
  A giant frog (D:4)
  A crimson imp (D:5)
  A hound (D:5)
  2 orc wizards (D:4)
  An iguana (D:5)
  3 worker ants
  6 adders
  An adder skeleton (D:4)
  An adder zombie (D:3)
  A worm (D:3)
  4 giant geckos
  7 orcs
  13 giant cockroaches
  6 hobgoblins
  7 kobolds
  4 ball pythons
  7 bats
  A giant cockroach zombie (D:5)
  6 giant newts
  9 goblins
  8 jackals
  A jackal skeleton (D:4)
  16 rats
109 creatures vanquished.

Vanquished Creatures (collateral kills)
  The ghost of Name63 the Magician, an amateur GrWz (D:4)
  An ogre (D:5)
  A centaur (D:5)
  2 orc priests (D:4)
  An iguana (D:5)
  A worm (D:2)
  An orc (D:4)
8 creatures vanquished.

Grand Total: 117 creatures vanquished

Notes
Turn   | Place    | Note
--------------------------------------------------------------
     0 | D:1      | Mechanique the Mummy Wizard began the quest for the Orb.
     0 | D:1      | Reached XP level 1. HP: 13/13 MP: 4/4
   117 | D:1      | Reached skill level 1 in Conjurations
   668 | D:1      | Reached XP level 2. HP: 19/19 MP: 3/6
  1593 | D:1      | Learned a level 2 spell: Blink
  1596 | D:1      | Learned a level 2 spell: Slow
  1599 | D:1      | Learned a level 2 spell: Call Imp
  1857 | D:2      | Reached XP level 3. HP: 24/24 MP: 0/7
  2030 | D:2      | Reached skill level 1 in Shields
  3351 | D:2      | Reached XP level 4. HP: 26/30 MP: 0/9
  4843 | D:4      | Noticed Name63's ghost (amateur GrWz)
  4878 | D:4      | Killed Name63's ghost
  4878 | D:4      | Reached skill level 4 in Spellcasting
  4878 | D:4      | Reached XP level 5. HP: 23/35 MP: 0/11
  5233 | D:4      | Found a sacrificial altar of Ru.
  5674 | D:4      | Reached XP level 6. HP: 41/41 MP: 8/12
  6127 | D:4      | Found an iron altar of Okawaru.
  6447 | D:5      | Entered Level 5 of the Dungeon
  6624 | D:5      | Reached skill level 5 in Spellcasting
  6716 | D:5      | Learned a level 3 spell: Mephitic Cloud
  6722 | D:5      | Found a staircase to the Ecumenical Temple.
  6736 | Temple   | Entered the Ecumenical Temple
  6876 | Temple   | Became a worshipper of Vehumet
  6962 | D:5      | Got a brightly glowing tin amulet
  6964 | D:5      | Identified the amulet "Ypryfijoxe" {Faith rElec Dex+6} (You found it on level 5 of the Dungeon)
  7230 | D:4      | Reached XP level 7. HP: 46/46 MP: 8/14
  7719 | D:5      | Learned a level 2 spell: Repel Missiles
  7843 | D:5      | Got a warped golden ring
  7855 | D:5      | Identified the ring "Buosun" {Str+2 SInv} (You found it on level 5 of the Dungeon)
  9121 | D:5      | Reached skill level 6 in Spellcasting
  9218 | D:5      | Killed from afar by an orc priest

Action                   |  1- 3 |  4- 6 |  7- 9 || total
-------------------------+-------+-------+-------++-------
Melee: Dagger            |    25 |       |       ||    25
       Short sword       |       |    51 |     5 ||    56
 Cast: Magic Dart        |   112 |   191 |    96 ||   399
       Call Imp          |     3 |    14 |     5 ||    22
       Blink             |     1 |       |     1 ||     2
       Slow              |       |     3 |       ||     3
       Repel Missiles    |       |       |     3 ||     3
       Mephitic Cloud    |       |       |     1 ||     1
